 Dungeon Crawl Stone Soup version 0.27-a0-1502-g47ed6a6988 (webtiles) character file.

Game seed: 11904928435283887946

1146 robertstho the Magician (level 8, -2/58 HPs)
             Began as a Djinni Fire Elementalist on July 8, 2021.
             Slain by an ice beast (19 damage)
             ... on level 6 of the Dungeon.
             The game lasted 00:08:14 (6464 turns).

robertstho the Magician (Djinni Fire Elementalist)  Turns: 6464, Time: 00:08:14

Health: -2/58      AC:  6    Str:  7    XL:     8   Next: 64%
Gold:   202        EV: 12    Int: 19    God:
                   SH:  0    Dex: 14

rFire    + + .     SeeInvis .   m - +2 hand axe (elec)
rCold    x . .     Faith    .   (no shield)
rNeg     + . .     Spirit   .   u - +2 robe {rN+}
rPois    ∞         Reflect  .   i - +0 helmet
rElec    .         Harm     .   n - +0 cloak
rCorr    .         Rampage  .   (no gloves)
Will     .....                  (boots unavailable)
Stlth    ++........             (no amulet)
HPRegen  0.19/turn              (no ring)
MPRegen  0.00/turn              (no ring)

@: marked, flying
A: sickness immunity, fire resistance 2, cold vulnerability 1, float, innate
caster, hp casting, extra vitality 1
a: no special abilities


You were on level 6 of the Dungeon.
You visited 1 branch of the dungeon, and saw 6 of its levels.

You collected 202 gold pieces.

Inventory:

Hand Weapons
 f - a +1 short sword of speed
 m - a +2 hand axe of electrocution (weapon)
 t - a +1 dagger of venom
Missiles
 p - 6 boomerangs of dispersal
Armour
 i - a +0 helmet (worn)
 n - a +0 cloak (worn)
 u - a +2 robe of positive energy (worn)
Wands
 a - a wand of mindburst (15)
 o - a wand of digging (5)
Scrolls
 b - a scroll of immolation {unknown}
 c - a scroll of amnesia {unknown}
 e - a scroll of vulnerability
 j - a scroll of enchant weapon
 k - a scroll of enchant armour
 q - 2 scrolls of torment
 s - a scroll of blinking
Potions
 d - 3 potions of might {unknown}
 g - 2 potions of curing {unknown}
 h - a potion of cancellation {unknown}
 l - 4 potions of heal wounds
 r - 2 potions of degeneration {unknown}


   Skills:
 * Level 3.8 Fighting
 + Level 2.4 Dodging
 + Level 2.7 Stealth
 * Level 6.8 Spellcasting


You couldn't memorise any spells.
You knew the following spells:

 Your Spells              Type           Power      Damage    Failure   Level
a - Foxfire               Conj/Fire      100%       2x1d9     1%          1
b - Conjure Flame         Conj/Fire      32%        6-21      1%          3
c - Inner Flame           Hex/Fire       32%        N/A       1%          3
d - Sticky Flame          Conj/Fire      32%        2d5       6%          4
e - Fireball              Conj/Fire      16%        3d8       17%         5
f - Animate Skeleton      Necr           64%        N/A       1%          1
g - Poisonous Vapours     Pois/Air       64%        N/A       1%          2
h - Frozen Ramparts       Ice            64%        1d8       1%          3
Your spell library was empty.

Dungeon Overview and Level Annotations

Branches:
Dungeon (6/15)
 Temple: D:4-7

Altars:

Annotations:
D:2 1 runed translucent door, Crazy Yiuf


Innate Abilities, Weirdness & Mutations

You are immune to sickness and miasma.
You are immune to poison.
Your flesh is very heat resistant. (rF++)
You are vulnerable to cold. (rC-)
You float through the air rather than walking.
You learn spells naturally, not from books.
Your magical power is your life essence.
You have superior vitality. (+4 HP)


Message History

The foxfire hits the ice beast.
The ice beast is lightly wounded.
The foxfire hits the killer bee zombie!
You destroy the killer bee zombie!
The foxfire hits the ice beast!
The ice beast melts!
The ice beast is moderately wounded.
A wight comes into view. It is wielding a +3 great sword.
Casting: Foxfire (safe; 1% risk of failure)
Press: ? - help, Q - select action, (/) - cycle Dir - look around, f - activate You conjure some foxfire!
The foxfire hits the wight but does no damage.
The ice beast hits you. The ice beast freezes you!
You feel a terrible chill!
Unknown command.
Casting: Foxfire (safe; 1% risk of failure)
Press: ? - help, Q - select action, (/) - cycle Dir - look around, f - activate You conjure some foxfire!
The foxfire hits the ice beast.
The ice beast melts!
The ice beast is heavily wounded.
The foxfire hits the ice beast.
The ice beast melts!
The ice beast is heavily wounded.
The foxfire hits the ice beast!
The ice beast melts!
The ice beast is almost dead.
The ice beast barely misses you.
The wight hits you with a +3 great sword.
A wight comes into view. It is wielding a +3 spear of freezing.
An ogre comes into view. It is wielding a +0 giant club.
The foxfire hits the wight but does no damage.
The ice beast barely misses you.
The wight hits you from afar with a +3 spear of freezing.
The wight freezes you.
An orc warrior comes into view. It is wielding a +0 mace.
The wight misses you.
An iguana comes into view.
The ice beast hits you but does no damage.
A wight comes into view. It is wielding a +0 dire flail.
A wyvern comes into view.
The ice beast hits you.
* * * LOW HITPOINT WARNING * * *
The ice beast freezes you!!
You feel a terrible chill!
You die...

...###♣.....♣≈≈≈.≈P≈≈.##..
#...[.≈P≈...P≈≈≈.≈≈≈≈.##..
#.....P≈≈...♣≈≈P.≈≈≈♣.....
#......≈....≈≈≈≈.≈≈P.)....
#......≈.....♣≈≈l≈♣.......
#...........†#≈P.P........
.
....####+###..........##..
......#.......##........
#.. ... #....@..##...##..
#.. .... #..zY....# ....
#.. ..... #........# .....
#.. ......#z.......# ....
#.. ......l..####### ####
#.. .....z#..# #..
....O.#### ### ..... #..
..... ...


You could see a wyvern, an ice beast, an ogre, an iguana and 3 wights.

Vanquished Creatures
  Sigmund (D:5)
  A water moccasin (D:6)
  An ice beast (D:6)
  A phantom (D:5)
  A scorpion (D:3)
  A howler monkey (D:5)
  2 electric eels (D:6)
  A hound (D:5)
  An orc priest (D:3)
  A jelly (D:5)
  A centaur skeleton (D:4)
  A bullfrog skeleton (D:5)
  Ijyb (D:5)
  3 orc wizards
  2 iguanas
  A killer bee zombie (D:6)
  A hound skeleton (D:4)
  Robin (D:2)
  3 gnolls (D:6)
  7 adders
  A white imp (D:5)
  An adder skeleton (D:4)
  4 dart slugs
  19 orcs
  3 bats
  5 endoplasms
  3 giant cockroaches (D:2)
  18 goblins
  8 hobgoblins
  7 ball pythons
  5 frilled lizards
  10 kobolds
  5 rats
121 creatures vanquished.

Vanquished Creatures (collateral kills)
  2 foxfires (D:6)
2 creatures vanquished.

Vanquished Creatures (others)
  590 foxfires
  A plant (D:6)
591 creatures vanquished.

Grand Total: 714 creatures vanquished

Notes
Turn   | Place    | Note
-------+----------+-------------------------------------------
     0 | D:1      | robertstho the Djinni Fire Elementalist began the quest for
                  | the Orb.
     0 | D:1      | Reached XP level 1. HP: 15/15 MP: 0/0
   290 | D:1      | Reached XP level 2. HP: 18/21 MP: 0/0
   924 | D:1      | Reached XP level 3. HP: 21/26 MP: 0/0
   924 | D:1      | Learned a level 1 spell: Animate Skeleton
   991 | D:1      | Reached skill level 3 in Spellcasting
  1776 | D:2      | Reached XP level 4. HP: 10/31 MP: 0/0
  2216 | D:2      | Noticed Robin
  2237 | D:2      | Killed Robin
  2479 | D:2      | Found a runed translucent door.
  2480 | D:2      | Noticed Crazy Yiuf
  2963 | D:3      | Noticed a scorpion
  2973 | D:3      | Killed a scorpion
  2974 | D:3      | Reached skill level 1 in Fighting
  2974 | D:3      | Reached skill level 4 in Spellcasting
  2974 | D:3      | Reached XP level 5. HP: 28/37 MP: 0/0
  2974 | D:3      | Learned a level 2 spell: Poisonous Vapours
  3271 | D:3      | Found a faded altar of an unknown god.
  3385 | D:3      | Reached XP level 6. HP: 28/42 MP: 0/0
  4945 | D:5      | Entered Level 5 of the Dungeon
  5042 | D:5      | Reached skill level 5 in Spellcasting
  5042 | D:5      | Reached XP level 7. HP: 38/49 MP: 0/0
  5042 | D:5      | Learned a level 3 spell: Frozen Ramparts
  5386 | D:5      | Noticed Sigmund
  5393 | D:5      | Killed Sigmund
  5394 | D:5      | Reached skill level 6 in Spellcasting
  5394 | D:5      | Reached XP level 8. HP: 47/56 MP: 0/0
  5672 | D:5      | Noticed Ijyb
  5796 | D:5      | Killed Ijyb
  6464 | D:6      | Noticed a wyvern
  6464 | D:6      | Slain by an ice beast

Illustrated notes

Levels and vault maps discovered:
D:1:      lightli_arrival_farm, layout_loops_ring, dk_noncrumbling_4
D:2:      layout_rooms, minmay_pentomino_s2, uniq_crazy_yiuf_cottage, uniq_robin
D:3:      layout_basic, hellmonk_ecumenical_altar_inner_sanctum,
          grunt_decor_mini_mirrors, minmay_misc_feat_four_crosses
D:4:      layout_loops_ring, kennysheep_flooded_box, grunt_decor_clamped
D:5:      layout_rooms, hex_large, uniq_sigmund, uniq_ijyb
D:6:      layout_gridville, minmay_temple_entry_fiery, serial_bayou,
          serial_bayou_lagoon_b, serial_bayou_pond_e, serial_bayou_pond_c,
          serial_bayou_pond_b, minmay_misc_feat_tiny

Skill      XL: |  1  2  3  4  5  6  7 |
---------------+----------------------+-----
Spellcasting   | 3 4 5 6 |  6.8
Stealth        | 2 |  2.7
Fighting       | 1 2 3 |  3.8
Dodging        | |  2.4

Action                   |  1- 3 |  4- 6 |  7- 9 || total
-------------------------+-------+-------+-------++-------
Melee: Hand axe          |       |     1 |       ||     1
 Cast: Foxfire           |    84 |   158 |   104 ||   346
  Use: Scroll            |       |     3 |     4 ||     7
Armor: Robe              |     3 |    10 |     2 ||    15
Dodge: Dodged            |     8 |    14 |    15 ||    37

Table legend: (Time is in decaauts)
 A = Elapsed time spent in this place.
 B = Non-inter-level travel time spent in this place.
 C = Inter-level travel time spent in this place.
 D = Time resting spent in this place.
 E = Time spent auto-exploring this place.
 F = Levels seen in this place.
 G = Mean time per level.
                   A        B        C        D        E       F      G
               +--------+--------+--------+--------+--------+-----+--------+
         Total |   6461 |   6356 |    105 |    100 |   5560 |   6 | 1076.8 |
       Dungeon |   6461 |   6356 |    105 |    100 |   5560 |   6 | 1076.8 |
               +--------+--------+--------+--------+--------+-----+--------+

Top non-repeatable levels by time:
     D:1: 1511 daAuts
     D:2: 1399 daAuts
     D:3: 1216 daAuts
     D:5: 1005 daAuts
     D:4: 815 daAuts
     D:6: 512 daAuts
